 Dungeon Crawl Stone Soup version 0.29-a0-341-g24ffce5b50 (webtiles) character file.

Game seed: 1806483825900143603

8478 quokkamancerX the Warrior (level 11, -7/132 HPs)
             Began as an Ogre Fire Elementalist on Apr 20, 2022.
             Was a Priest of Vehumet.
             Mangled by an elephant (10 damage)
             ... summoned by a boggart
             ... in a Gauntlet on Apr 21, 2022.
             The game lasted 01:53:16 (18705 turns).

quokkamancerX the Warrior (Ogre Fire Elementalist) Turns: 18705, Time: 01:53:16

Health: -7/132     AC: 12    Str: 14    XL:     11   Next: 31%
Magic:  12/29      EV:  9    Int: 20    God:    Vehumet [***...]
Gold:   605        SH:  0    Dex:  7    Spells: 13/22 levels left

rFire   + + +      SeeInvis .   a - staff of fire
rCold   . . .      Faith    .   (no shield)
rNeg    . . .      Spirit   .   A - +5 acid dragon scales
rPois   .          Reflect  .   (helmet restricted)
rElec   .          Harm     .   (no cloak)
rCorr   +          Rampage  .   (gloves unavailable)
Will    +....      NoTele   +   (boots unavailable)
Stlth   +.........              f - amulet of the Commoners {Acrobat *Corrode rF+++ MP+9 Dex-2}
HPRegen 0.32/turn               q - +4 ring of slaying
MPRegen 0.21/turn               D - +4 ring of slaying

@: studying Fire Magic, invisible
A: large, unfitting armour, tough skin 1
a: Renounce Religion


You were in a Gauntlet.
You worshipped Vehumet.
Vehumet was most pleased with you.
You visited 2 branches of the dungeon, and saw 12 of its levels.
You also visited: Sewer, Bailey and Gauntlet.

You collected 774 gold pieces.
You spent 169 gold pieces at shops.

Inventory:

Hand Weapons
 b - a +3 dagger of venom
Missiles
 p - a throwing net
 y - 3 atropa-tipped darts
Armour
 A - +5 acid dragon scales (worn)
 F - a +1 cloak of poison resistance
Magical Staves
 a - a staff of fire (weapon)
Jewellery
 e - a ring of protection from fire
 f - the amulet of the Commoners (around neck) {Acrobat *Corrode rF+++ MP+9 Dex-2}
   (You acquired it on level 8 of the Dungeon)

   [amulet of the acrobat]

   It increases your evasion while moving and waiting.
   Dex:       It affects your dexterity (-2).
   rF:        It renders you almost immune to fire.
   MP:        It affects your magic capacity (+9).
   *Corrode:  It may corrode you when you take damage.
 q - a +4 ring of slaying (left hand)
 v - a ring of protection from fire
 D - a +4 ring of slaying (right hand)
Wands
 h - a wand of digging (3)
 k - a wand of charming (10)
 m - a wand of acid (11) (quivered)
 t - a wand of iceblast (16)
 C - a wand of paralysis (4)
 G - a wand of flame (39)
Scrolls
 d - 2 scrolls of magic mapping
 g - 8 scrolls of vulnerability
 o - 6 scrolls of teleportation
 r - a scroll of fog
 w - 3 scrolls of enchant weapon
 x - 3 scrolls of identify
Potions
 c - 4 potions of flight
 i - 2 potions of mutation
 j - 2 potions of brilliance
 l - a potion of magic
 n - 4 potions of cancellation
 s - a potion of attraction
 u - a potion of lignification
 B - a potion of resistance
 E - 2 potions of haste


   Skills:
 - Level 15.0 Fighting
 + Level 2.9 Armour
 + Level 3.8 Dodging
 - Level 1.4 Stealth
 - Level 6.0 Spellcasting
 - Level 0.8 Conjurations
 - Level 10.0 Fire Magic


You had 13 spell levels left.
You knew the following spells:

 Your Spells              Type           Power      Damage    Failure   Level
a - Foxfire               Conj/Fire      100%       2x1d9     1%          1
b - Scorch                Fire           100%       2d10      1%          2
c - Conjure Flame         Conj/Fire      41%        6-21      1%          3
d - Inner Flame           Hex/Fire       39%        N/A       1%          3

Your spell library contained the following spells:

 Spells                   Type           Power      Damage    Failure   Level
 Dazzling Flash           Conj/Hex       14%        N/A       11%         3
 Freeze                   Ice            24%        1d5       4%          1
 Sandblast                Erth           12%        2d6       4%          1
 Flame Wave               Conj/Fire      41%        2d9       4%          4
 Stone Arrow              Conj/Erth      14%        3d7       11%         3
 Frozen Ramparts          Ice            12%        1d3       12%         3
 Animate Skeleton         Necr           12%        N/A       14%         1
 Pain                     Necr           24%        1d5       14%         1
 Slow                     Hex            24%        N/A       14%         1
 Passwall                 Tmut/Erth      5%         N/A       22%         2
 Hailstorm                Conj/Ice       7%         3d4       30%         4
 Confusing Touch          Hex            6%         N/A       41%         3
 Vampiric Draining        Necr           6%         2d6       41%         3
 Freezing Cloud           Conj/Ice/Air   3%         6-21      63%         5
 Simulacrum               Ice/Necr       3%         N/A       100%        6
 Polar Vortex             Ice            3%         N/A       100%        9


Dungeon Overview and Level Annotations

Branches:
Dungeon (11/15)            Temple (1/1) D:6            Lair (0/6) D:9
    Orc (0/2) D:9           Sewer (visited)          Bailey (visited)
Gauntlet (1/1)

Altars:
Ashenzari
Cheibriados
Dithmenos
Elyvilon
Fedhas
Gozag
Hepliaklqana
Kikubaaqudgha
Makhleb
Nemelex Xobeh
Okawaru
Qazlal
Ru
Sif Muna
Trog
Uskayaw
Vehumet
Wu Jian
Xom
Yredelemnul
Zin
The Shining One

Shops:
D:8 !

Annotations:
Gauntlet 11 transporters


Innate Abilities, Weirdness & Mutations

You are too large for most types of armour.
You have tough skin. (AC +1)


Message History

Casting: Scorch (safe; 1% risk of failure)
Confirm with . or Enter, or press ? or * to list all spells.
You feel a surge of power!
Flames lash the elephant.
Flame seeps out of the elephant.
The elephant is almost dead.
The elephant's fire resistance burns away.
The elephant tramples you but does no damage.
The elephant closely misses you.
The elephant is engulfed in blazing flames.
Flame seeps out of the elephant.
The elephant tramples you but does no damage.
The elephant trunk-slaps you but does no damage.
The merfolk aquamancer hits you with a +0 rapier.
* * * LOW HITPOINT WARNING * * *
Unknown command.
You fade into invisibility!
The elephant is no longer more vulnerable to fire.
The elephant closely misses you.
The elephant trunk-slaps you but does no damage.
The elephant is engulfed in blazing flames.
The elephant's corpse dissolves into shadows!
The elephant explodes!
The fiery explosion engulfs you! You resist.
* * * LOW HITPOINT WARNING * * *
The fiery explosion engulfs the merfolk aquamancer!!!
The merfolk aquamancer is burned terribly!
The merfolk aquamancer is almost dead.
The fiery explosion engulfs the worldbinder!!
The worldbinder is severely damaged.
The fiery explosion engulfs the elephant!!!
The elephant is almost dead.
The fiery explosion engulfs the elephant!!!
The elephant is severely wounded.
The merfolk aquamancer is engulfed in blazing flames.
You kill the merfolk aquamancer!
The merfolk aquamancer's corpse disappears in a puff of smoke!
The worldbinder is engulfed in blazing flames.
As you read the scroll of fog, it crumbles to dust.
The scroll dissolves into smoke.
The elephant tramples you!
You die...

.#x..#.#..x#...#.g.......#..#
.#xx#...#.x#.∩.#..##Y##..#..###
.#x##...##x#...#.##...##.#..#8#
.##x.#.#..##...#.#..gH.#.#..###
.#xx..©...x#...#.g..Y....#..#
.##x.#x#..##...#§#t.§Gx#.#..###
.#.#######.#...#g##P..##.#..#8#
.#..#...#.x#...#Y§##≈##..#..###
.#..!=©....#...#@§xYt.!..#..#
.###########...###########..###
....#.©.#...§§§§..#.©.#.....#8#
..8.#...#...§8§...#...#.8...###
....#.©.#....§.§..#.©.#.....#
.###########...###########..###
.#........3#...#.QQ......#..#8#
.#.#.....#4#...#.#...###.#..###
.#.##...##4#...#...###...#..#


You could see 2 elephants, a snapping turtle (summoned, can't see you), a tengu
warrior (can't see you), a worldbinder (can't see you), a neqoxec (can't see
you), a chaos spawn (can't see you), a tengu conjurer, 4 small abominations and
a boggart.

Vanquished Creatures
  A vault guard (Bailey)
  The ghost of tonyyikes the Ogre Mage, a novice OgAE (D:4)
  A kobold demonologist (D:9)
  2 komodo dragons
  An unseen horror (D:6)
  Prince Ribbit (Bailey)
  Sigmund (D:4)
  2 vampires
  A wraith (D:10)
  6 humans (Bailey)
  2 vampire mosquitoes (D:10)
  3 wargs (D:9)
  A water moccasin (D:6)
  3 acid dragons
  An orc warrior (D:8)
  A black bear (D:8)
  2 ice beasts
  A kobold brigand (D:8)
  14 bullfrogs
  A scorpion (D:5)
  2 necrophages
  3 gnoll sergeants
  9 wights
  9 killer bees
  5 howler monkeys
  4 hounds
  An orc priest (D:10)
  2 gnoll shamans
  A jelly (D:7)
  Jessica (D:2)
  5 iguanas
  7 orc wizards
  Robin (D:2)
  3 river rats (Sewer)
  13 adders
  19 gnolls
  A shadow imp (D:6)
  A worm (D:2)
  4 dart slugs
  33 orcs
  14 bats
  7 endoplasms
  6 giant cockroaches
  15 goblins
  14 hobgoblins
  2 jackals (Sewer)
  10 kobolds
  3 quokkas
  12 ball pythons
  7 frilled lizards
  4 rats
264 creatures vanquished.

Vanquished Creatures (collateral kills)
  A foxfire (D:4)
1 creature vanquished.

Vanquished Creatures (others)
  512 foxfires
  22 plants
534 creatures vanquished.

Grand Total: 799 creatures vanquished

Notes
Turn   | Place    | Note
-------+----------+-------------------------------------------
     0 | D:1      | quokkamancerX the Ogre Fire Elementalist began the quest
                  | for the Orb.
     0 | D:1      | Reached XP level 1. HP: 16/16 MP: 3/3
   383 | D:1      | Reached XP level 2. HP: 13/24 MP: 3/5
  1212 | D:1      | Reached XP level 3. HP: 26/31 MP: 3/6
  2078 | D:2      | Learned a level 2 spell: Scorch
  2088 | D:2      | Noticed Robin
  2250 | D:2      | Found a faded altar of an unknown god.
  2404 | D:2      | Killed Robin
  2405 | D:2      | Reached XP level 4. HP: 39/39 MP: 3/7
  2719 | D:2      | Noticed Jessica
  2746 | D:2      | Killed Jessica
  3742 | D:3      | Reached skill level 5 in Fire Magic
  3771 | D:3      | Reached XP level 5. HP: 45/45 MP: 1/8
  5290 | D:4      | Reached XP level 6. HP: 38/53 MP: 0/9
  5506 | D:4      | You fall into a shaft and drop 3 floors!
  5799 | D:5      | Entered Level 5 of the Dungeon
  5848 | D:5      | Noticed an acid dragon
  5858 | D:5      | Killed an acid dragon
  5922 | D:5      | Found a blossoming altar of Fedhas.
  5953 | D:5      | Reached skill level 5 in Spellcasting
  5953 | D:5      | Reached XP level 7. HP: 51/59 MP: 5/14
  6033 | D:5      | Found a glowing drain.
  6044 | Sewer    | Entered a sewer
  7351 | D:4      | Noticed Sigmund
  7385 | D:4      | Killed Sigmund
  7386 | D:4      | Reached skill level 3 in Fighting
  7596 | D:4      | Identified the +4 ring mail of the Cartwright {Harm Will+
                  | rCorr}
  7596 | D:4      | Identified the +5 buckler "Vimnipn" {*Corrode rN+ Will+}
  7677 | D:4      | Found a transporter.
  7679 | D:4      | Found a transporter.
  7705 | D:4      | Reached skill level 4 in Fighting
  7998 | D:4      | Noticed tonyyikes's ghost (novice OgAE)
  8601 | D:6      | Reached skill level 5 in Fighting
  8601 | D:6      | Reached XP level 8. HP: 81/81 MP: 8/17
  8763 | D:6      | Found a staircase to the Ecumenical Temple.
  8775 | Temple   | Entered the Ecumenical Temple
  8917 | Temple   | Became a worshipper of Vehumet
  9078 | D:6      | Killed an unseen horror
  9079 | D:6      | Reached skill level 7 in Fighting
  9462 | D:6      | Reached skill level 8 in Fighting
  9737 | D:6      | Reached skill level 9 in Fighting
 10617 | D:7      | Reached skill level 10 in Fighting
 10815 | D:7      | Reached XP level 9. HP: 101/101 MP: 15/18
 11187 | D:8      | Found a flagged portal.
 11232 | Bailey   | Entered a bailey
 11248 | Bailey   | Reached * piety under Vehumet
 11248 | Bailey   | Offered knowledge of Shock by Vehumet.
 11984 | Bailey   | Noticed Prince Ribbit
 12003 | Bailey   | Killed Prince Ribbit
 12004 | Bailey   | Reached XP level 10. HP: 110/110 MP: 7/19
 12060 | Bailey   | Noticed a vault guard
 12087 | Bailey   | HP: 3/110 [vault guard/+0 broad axe (23)]
 12090 | Bailey   | Killed a vault guard
 12091 | Bailey   | Reached skill level 10 in Fire Magic
 12091 | Bailey   | Reached skill level 11 in Fighting
 12525 | Bailey   | Noticed a vault guard
 12631 | D:7      | Reached ** piety under Vehumet
 12631 | D:7      | Offered knowledge of Poisonous Vapours by Vehumet.
 13142 | D:8      | Identified a scroll of acquirement
 13142 | D:8      | Acquired the amulet of the Commoners {Acrobat *Corrode
                  | rF+++ MP+9 Dex-2}
 13264 | D:8      | Reached skill level 12 in Fighting
 13878 | D:8      | Found Qydo's Distillery.
 13905 | D:8      | Bought a potion of magic for 104 gold pieces
 13905 | D:8      | Bought a potion of heal wounds for 65 gold pieces
 14263 | D:8      | Reached skill level 13 in Fighting
 14319 | D:9      | Noticed a kobold demonologist
 14323 | D:9      | Killed a kobold demonologist
 14348 | D:8      | Offered knowledge of Dazzling Flash by Vehumet.
 14537 | D:9      | Found a staircase to the Lair.
 14811 | D:8      | Reached skill level 14 in Fighting
 15422 | D:9      | Reached XP level 11. HP: 126/131 MP: 20/20
 15447 | D:9      | Found a staircase to the Orcish Mines.
 15459 | D:9      | Reached skill level 15 in Fighting
 15990 | D:9      | Reached skill level 1 in Armour
 15991 | D:9      | Reached *** piety under Vehumet
 16458 | D:4      | Killed tonyyikes's ghost
 16458 | D:4      | HP: 7/198 [poisoned by tonyyikes's ghost]
 17084 | D:9      | Upgraded the game from 0.29-a0-340-g6efceafd81 to
                  | 0.29-a0-341-g24ffce5b50
 17088 | D:9      | Learned a level 3 spell: Conjure Flame
 17092 | D:9      | Learned a level 3 spell: Inner Flame
 17095 | D:10     | Entered Level 10 of the Dungeon
 18320 | D:11     | Noticed a tengu warrior
 18400 | D:11     | Found a gate leading to a gauntlet.
 18409 | Gauntlet | Entered a Gauntlet
 18409 | Gauntlet | Noticed a worldbinder
 18409 | Gauntlet | Found a transporter.
 18409 | Gauntlet | Found a transporter.
 18413 | Gauntlet | Found a transporter.
 18413 | Gauntlet | Found a transporter.
 18413 | Gauntlet | Found a transporter.
 18413 | Gauntlet | Found a transporter.
 18419 | Gauntlet | Noticed a tengu warrior
 18423 | Gauntlet | Found a transporter.
 18427 | Gauntlet | Found a transporter.
 18433 | Gauntlet | Noticed a catoblepas
 18435 | Gauntlet | Noticed a quicksilver ooze
 18437 | Gauntlet | Found a transporter.
 18543 | Gauntlet | Found a transporter.
 18545 | Gauntlet | Found a transporter.
 18553 | Gauntlet | Found a transporter.
 18685 | Gauntlet | Noticed a merfolk aquamancer
 18686 | Gauntlet | Noticed a manticore
 18686 | Gauntlet | Noticed an oklob plant
 18697 | Gauntlet | Paralysed by a floating eye for 3 turns
 18699 | Gauntlet | Noticed a merfolk aquamancer
 18703 | Gauntlet | HP: 2/132 [spore (9)]
 18705 | Gauntlet | Mangled by an elephant

Illustrated notes

Levels and vault maps discovered:
D:1:      psy_arrival_radial02, layout_loops_corners
D:2:      layout_basic, shapermc_ecumenical_altar_acropolis, uniq_robin,
          uniq_jessica
D:3:      layout_basic, serial_park_tiny_2, palyth_stone_intersect
D:4:      layout_loops_ring, gammafunk_ghost_gnarly_gnolls, uniq_sigmund
D:5:      layout_cave_pools, nicolae_overflow_hidden_temple,
          portal_sewer_entry_d, minmay_misc_feat_cross
D:6:      layout_basic, minmay_temple_entry_tees
D:7:      layout_cave_pools, minmay_hedge_maze
D:8:      layout_basic, serial_shops, kennysheep_little_box, enter_bailey_3
D:9:      layout_basic, lair_entry_dummy, minmay_orc_entry_guard_dogs,
          minmay_lizard_king
D:10:     layout_roguey
D:11:     nicolae_cairo_tiling_very_big, layout_rooms, serial_aquarium,
          aquarium_bridge_long_joined [aquarium_subvault_bridge,
          aquarium_subvault_wall, aquarium_subvault_bridge,
          aquarium_subvault_window, aquarium_subvault_wall,
          aquarium_subvault_wall], aquarium_bridge_square
          [aquarium_subvault_wall, aquarium_subvault_window,
          aquarium_subvault_wall, aquarium_subvault_bridge],
          aquarium_window_fake, aquarium_window_corner, aquarium_window_3,
          aquarium_view_4, aquarium_view_2b, aquarium_pool_2,
          gauntlet_entry_generic, led_sif_book
Temple:   roderic_octagonal_lattice_temple
Gauntlet: gammafunk_gauntlet_hard_choice
          [gammafunk_gauntlet_arena_split_diamond,
          gammafunk_gauntlet_arena_chambers, nicolae_gauntlet_arena_grate_2,
          gammafunk_gauntlet_arena_split_x, gammafunk_gauntlet_arena_hedges,
          nicolae_gauntlet_arena_flowing_pool,
          dreamdust_gauntlet_exit_labyrinth]

Skill      XL: |  1  2  3  4  5  6  7  8  9 10 11 |
---------------+----------------------------------+-----
Fire Magic     | 3 4 5 6 9 10 | 10.0
Spellcasting   | 5 6 |  6.0
Fighting       | 5 10 14 15 | 15.0
Dodging        | 3 |  3.8
Armour         | 2 |  2.9
Stealth        | |  1.4
Conjurations   | |  0.8

Action                   |  1- 3 |  4- 6 |  7- 9 | 10-12 || total
-------------------------+-------+-------+-------+-------++-------
Melee: Club              |    24 |       |       |       ||    24
       Staff             |     4 |    33 |    52 |    12 ||   101
 Fire: Hunting sling     |     2 |       |       |       ||     2
 Cast: Foxfire           |    38 |    55 |   105 |    98 ||   296
       Scorch            |       |    24 |    68 |   175 ||   267
       Inner Flame       |       |       |       |     1 ||     1
Evoke: Wand              |       |       |       |     6 ||     6
  Use: Scroll            |       |     3 |     1 |    24 ||    28
       Potion            |       |       |     3 |    12 ||    15
 Stab: Sleeping          |     1 |     1 |       |       ||     2
Armor: Robe              |    15 |    13 |    35 |       ||    63
       Acid dragon scale |       |       |    36 |    96 ||   132
       Skin              |       |       |       |     7 ||     7
Dodge: Dodged            |    33 |    24 |    86 |   111 ||   254

Table legend: (Time is in decaauts)
 A = Elapsed time spent in this place.
 B = Non-inter-level travel time spent in this place.
 C = Inter-level travel time spent in this place.
 D = Time resting spent in this place.
 E = Time spent auto-exploring this place.
 F = Levels seen in this place.
 G = Mean time per level.
                   A        B        C        D        E       F      G
               +--------+--------+--------+--------+--------+-----+--------+
         Total |  19082 |  17977 |   1105 |   6201 |   3744 |  15 | 1272.1 |
       Dungeon |  15652 |  14566 |   1086 |   4870 |   3083 |  11 | 1422.9 |
        Temple |    286 |    267 |     19 |      0 |    241 |   1 |  286.0 |
         Sewer |   1510 |   1510 |      0 |    390 |    277 |   1 | 1510.0 |
        Bailey |   1334 |   1334 |      0 |    941 |      0 |   1 | 1334.0 |
      Gauntlet |    296 |    296 |      0 |      0 |    142 |   1 |  296.0 |
               +--------+--------+--------+--------+--------+-----+--------+

Top non-repeatable levels by time:
     D:1: 2252 daAuts
     D:8: 1944 daAuts
     D:2: 1818 daAuts
     D:6: 1801 daAuts
     D:9: 1648 daAuts
     D:4: 1527 daAuts
   Sewer: 1510 daAuts
  Bailey: 1334 daAuts
     D:7: 1312 daAuts
     D:3: 1225 daAuts
    D:10: 1214 daAuts
     D:5: 882 daAuts
Gauntlet: 296 daAuts
  Temple: 286 daAuts
    D:11: 24 daAuts
